 Dungeon Crawl Stone Soup version 0.31-a0-819-gf6de2f5ab6 (webtiles) character file.

Game seed: 3003914729483233677

393 qw the Shooter (level 6, -3/38 HPs)
             Began as a Gargoyle Hunter on Sept 23, 2023.
             Was an Initiate of Okawaru.
             Slain by a gnoll
             ... wielding a +1 flail of draining
             ... led by a gnoll bouda
              (5 damage)
             ... on level 3 of the Dungeon.
             The game lasted 00:01:04 (3162 turns).

qw the Shooter (Gargoyle Hunter)                    Turns: 3162, Time: 00:01:04

Health: -3/38      AC: 11    Str: 14    XL:     6   Next: 81%
Magic:  6/6        EV: 10    Int: 10    God:    Okawaru [......]
Gold:   123        SH:  0    Dex: 15    Spells: 5/5 levels left

rFire   . . .        Y - +0 shortbow
rCold   . . .        (shield currently unavailable)
rNeg    + . .        e - +0 ring mail
rPois   inf          (no helmet)
rElec   +            i - +1 cloak
rCorr   .            (no gloves)
SInv    .            (no boots)
Will    .....        (no amulet)
Stlth   +            (no ring)
HPRegen 0.26/turn    (no ring)
MPRegen 0.10/turn

%: no passive effects
@: no status effects
A: sickness immunity, AC +4, negative energy resistance 1, electricity
resistance, torment resistance 1, petrification resistance
a: Renounce Religion


You were on level 3 of the Dungeon.
You worshipped Okawaru.
Okawaru was noncommittal.
You visited 1 branch of the dungeon, and saw 4 of its levels.

You collected 123 gold pieces.


Innate Abilities, Weirdness & Mutations

You are immune to sickness and miasma.
Your stone body is resilient. (AC +4)
You are immune to poison.
You resist negative energy. (rN+)
You are resistant to electric shocks. (rElec)
You are resistant to unholy torment.
You are immune to petrification.


   Skills:
 - Level 4.0 Fighting
 + Level 7.1 Ranged Weapons
 - Level 1.0 Armour
 - Level 1.5 Dodging
 - Level 1.1 Stealth


You had 5 spell levels left.
You didn't know any spells.
Your spell library was empty.

Inventory:

Hand Weapons
 Y - a +0 shortbow (weapon)
Armour
 e - a +0 ring mail (worn)
 i - a +1 cloak (worn)
Scrolls
 k - a scroll of identify
Potions
 b - a potion of mutation {unknown}
 c - a potion of enlightenment {unknown}
 d - a potion of haste
 f - a potion of curing {unknown}
 g - a potion of attraction {unknown}
 h - a potion of berserk rage {unknown}

Dungeon Overview and Level Annotations

Branches:
Dungeon (4/15)
 Temple: D:4-7

Altars:
Okawaru


Message History

The hound is heavily wounded.
The hound barely misses you. The hound completely misses you.
The gnoll completely misses you.
You shoot an arrow. The arrow hits the hound.
The hound is severely wounded.
The hound bites you but does no damage. The gnoll closely misses you.
The hound closely misses you.
You shoot an arrow. The arrow closely misses the hound.
The hound misses you. The gnoll completely misses you.
The hound bites you but does no damage.
You shoot an arrow. The arrow hits the hound.
The hound is almost dead.
The hound bites you but does no damage.
The gnoll hits you with a +1 flail of draining!
The hound bites you.
You shoot an arrow. The arrow closely misses the hound.
The gnoll barely misses you. The hound barely misses you.
The orc hits you but does no damage. The gnoll hits you but does no damage.
You shoot an arrow. The arrow closely misses the hound.
The hound bites you. The hound barely misses you. The orc misses you.
The gnoll hits you with a +1 flail of draining.
You shoot an arrow. The arrow closely misses the hound.
The hound misses you. The orc barely misses you.
The gnoll hits you but does no damage. The hound bites you but does no damage.
You shoot an arrow.
The arrow hits the hound but does no damage.
The hound is severely wounded.
The gnoll is no longer moving quickly.
The hound bites you but does no damage. The orc hits you but does no damage.
The gnoll hits you with a +1 flail of draining.
The hound bites you but does no damage.
You shoot an arrow. The arrow barely misses the hound.
The orc hits you but does no damage. The hound barely misses you.
The gnoll barely misses you. The orc closely misses you. The hound misses you.
You shoot an arrow. The arrow hits the hound.
The hound is almost dead.
The gnoll misses you. The hound bites you but does no damage.
The orc closely misses you.
The gnoll hits you with a +1 flail of draining.
You die...

##...## ##.....## ###.###
##.#.## ##.......## #..###
#...>####.........####....#
#.......+..^......'.....)..
###....####........(####.<..#
#......# ##.......## ##.#.#
#.#.##.# ##.....## ###.#
#...##.# ###...## #.#
#..###.# ##@h..#### #.# #..#
#%# #)go.....# #.# #..###.#
#..#..##.########.# #......#
#.................# ##.#####
#......#.##########
#.########........#
#...............#.#
##########........#
#####.####


You could see a hound, a gnoll and an orc.

Vanquished Creatures
  Sigmund (D:3)
  An orc priest (D:3)
  Ijyb (D:3)
  A jelly (D:3)
  2 gnolls (D:3)
  5 adders
  A worm (D:3)
  2 dart slugs (D:1)
  6 orcs (D:3)
  4 bats
  6 endoplasms
  A giant cockroach (D:1)
  7 goblins
  4 hobgoblins
  5 jackals
  3 quokkas
  5 ball pythons
  4 frilled lizards
  3 kobolds
  5 rats
67 creatures vanquished.

Notes
Turn   | Place    | Note
-------+----------+-------------------------------------------
     0 | D:1      | qw the Gargoyle Hunter began the quest for the Orb.
     0 | D:1      | Reached XP level 1. HP: 12/12 MP: 1/1
     0 | D:1      | 0 ||| qw: Version: 0.3-a-83-gcd0e7d8
     0 | D:1      | 0 ||| qw: Game counter: 1536
     0 | D:1      | 0 ||| qw: Melee chars always use a shield: true
     0 | D:1      | 0 ||| qw: God list: Okawaru
     0 | D:1      | 0 ||| qw: Allow faded altars: false
     0 | D:1      | 0 ||| qw: Do Orc after clearing Dungeon:15 true
     0 | D:1      | 0 ||| qw: Do second Lair branch before Depths: true
     0 | D:1      | 0 ||| qw: Lair rune preference: random
     0 | D:1      | 0 ||| qw: Goals: Normal
     0 | D:1      | 0 ||| PLANNING D:1-11
   133 | D:1      | Reached XP level 2. HP: 16/17 MP: 2/2
   393 | D:1      | Reached XP level 3. HP: 21/21 MP: 3/3
   601 | D:1      | Reached skill level 5 in Ranged Weapons
   925 | D:1      | 925 ||| UPGRADING to +0 ring mail.
   935 | D:1      | 935 ||| DROPPING +0 leather armour.
   936 | D:1      | 936 ||| UPGRADING to +0 cloak.
   943 | D:1      | 943 ||| READING 2 scrolls labelled XIGENK XOVISEE.
   949 | D:1      | 949 ||| READING scroll labelled YRANYR NUILUCU.
   950 | D:1      | 950 ||| READING scroll labelled AGAATO DURCH.
   963 | D:1      | 963 ||| DROPPING scroll of butterflies.
  1061 | D:2      | Reached skill level 1 in Armour
  1433 | D:2      | Reached skill level 3 in Fighting
  1433 | D:2      | Reached XP level 4. HP: 28/28 MP: 4/4
  1945 | D:2      | 1945 ||| READING scroll labelled AXZEPS NACOJE.
  1946 | D:2      | 1946 ||| READING scroll labelled REFEFUCEMP.
  1979 | D:3      | Found an iron altar of Okawaru.
  1980 | D:3      | 1980 ||| PLANNING OKAWARU WORSHIP
  1999 | D:3      | 1999 ||| READING scroll of enchant armour.
  1999 | D:3      | 1999 ||| ENCHANTING +0 cloak.
  2003 | D:3      | Noticed Sigmund
  2012 | D:3      | Killed Sigmund
  2013 | D:3      | Reached skill level 6 in Ranged Weapons
  2013 | D:3      | Reached XP level 5. HP: 32/32 MP: 5/5
  2013 | D:3      | Reached XP level 6. HP: 37/37 MP: 6/6
  2018 | D:3      | Identified the +11 dagger "Miun" {flame, *Corrode rN++
                  | Str+2}
  2131 | D:3      | 2131 ||| READING scroll labelled WUTIUDDIDI.
  2239 | D:3      | Became a worshipper of Warmaster Okawaru
  2240 | D:3      | 2240 ||| PLANNING D:1-11
  2534 | D:3      | Noticed Ijyb
  2544 | D:3      | Killed Ijyb
  2891 | D:3      | 2891 ||| DRINKING 2 green potions.
  2903 | D:4      | 2903 ||| STAIRDANCE
  2918 | D:3      | Reached skill level 7 in Ranged Weapons
  2977 | D:4      | 2977 ||| STAIRDANCE
  2988 | D:3      | HP: 7/38 [orc/+0 mace (5)]
  2989 | D:3      | 2989 ||| READING scroll of teleportation.
  3143 | D:4      | 3143 ||| STAIRDANCE
  3158 | D:3      | HP: 6/38 [hound (4)]
  3158 | D:3      | HP: 2/38 [gnoll/+1 flail of draining[a gnoll bouda] (4)]
  3162 | D:3      | Slain by a gnoll

Levels and vault maps discovered:
D:1:      dpeg_arrival_rhombi, layout_basic, minmay_liquid_box
D:2:      minmay_general_purpose_star, layout_basic, chequers_garden
D:3:      layout_loops_corners, mainiacjoe_overflow_concentric_impassable,
          uniq_sigmund, uniq_ijyb
D:4:      layout_loops_cross, minmay_temple_entry_tees, grunt_tough_drop,
          uniq_robin, uniq_duvessa

Skill      XL: |  1  2  3  4  5  6 |
---------------+-------------------+-----
Ranged Weapons | 5 6 7 |  7.1
Armour         | 1 |  1.0
Fighting       | 3 4 |  4.0
Dodging        | |  1.5
Stealth        | |  1.1

Action                     |  1- 3 |  4- 6 || total
---------------------------+-------+-------++-------
   Fire: Shortbow          |   102 |   167 ||   269
    Use: Scroll            |     3 |     5 ||     8
         Potion            |       |     1 ||     1
 Armour: Leather armour    |    12 |       ||    12
         Ring mail         |    17 |   109 ||   126
  Dodge: Dodged            |    33 |    80 ||   113

Table legend:
 A = Non-vault XP
 B = Vault XP
 C = Vault XP percentage of total XP
 D = Non-vault monster count
 E = Vault monster count
 F = Vault count percentage of total count
                 A         B        C        D         E       F
            +---------+---------+-------+---------+---------+-------
      Total |     267 |     295 |  52.5 |      62 |       5 |   7.5
            +---------+---------+-------+---------+---------+-------
        D:1 |      41 |       0 |   0.0 |      20 |       0 |   0.0
        D:2 |      36 |      16 |  30.8 |       9 |       3 |  25.0
        D:3 |     190 |     279 |  59.5 |      33 |       2 |   5.7
            +---------+---------+-------+---------+---------+-------
